 Dungeon Crawl Stone Soup version 0.18.1-48-g4cf74bf (webtiles) character file.

224 dvd the Firebug (level 5, -1/28 HPs)
             Began as a Deep Elf Fire Elementalist on Aug 30, 2016.
             Killed from afar by an orc wizard (10 damage)
             ... with a puff of frost
             ... on level 3 of the Dungeon.
             The game lasted 00:10:32 (3554 turns).

dvd the Firebug (Deep Elf Fire Elementalist)        Turns: 3554, Time: 00:10:32

Health: -1/28      AC:  3    Str:  5    XL:     5   Next: 67%
Magic:  2/14       EV: 13    Int: 21    God:
Gold:   240        SH:  0    Dex: 15    Spells: 4 memorised, 3 levels left

rFire  . . .     SeeInvis .     a - +2 dagger (freeze)
rCold  . . .     Gourm    .     f - +0 robe
rNeg   . . .     Faith    .     (no shield)
rPois  .         Spirit   .     r - +0 helmet
rElec  .         Dismiss  .     (no cloak)
rCorr  .         Reflect  .     (no gloves)
SustAt .         Harm     .     (no boots)
MR     .....                    (no amulet)
Stlth  ++........               (no ring)
                                (no ring)

@: very slightly contaminated, not resistant to hostile enchantments, unstealthy
A: no striking features
a: no special abilities


You were on level 3 of the Dungeon.
You were not hungry.

You visited 1 branch of the dungeon, and saw 3 of its levels.

You collected 240 gold pieces.

Inventory:

Hand Weapons
 a - a +2 dagger of freezing (weapon)
 v - a +0 short sword
Armour
 f - a +0 robe (worn)
 r - a +0 helmet (worn)
 w - a +0 buckler
Scrolls
 e - 3 scrolls of remove curse {unknown}
 h - 2 scrolls of identify {unknown}
 k - a scroll of immolation {unknown}
 m - a scroll of enchant armour {unknown}
 p - a scroll of fear {unknown}
 q - a scroll of teleportation {unknown}
 t - a scroll of recharging {unknown}
Potions
 d - a potion of cancellation {unknown}
 i - 2 potions of brilliance {unknown}
 j - 2 potions of curing {unknown}
 l - 2 potions of lignification {unknown}
 n - a potion of heal wounds {unknown}
 o - 4 potions of agility {unknown}
 s - a potion of invisibility {unknown}
Books
 b - a book of Flames

   Spells                             Type                      Level
   a - Flame Tongue                   Conjuration/Fire             1
   b - Throw Flame                    Conjuration/Fire             2
   c - Conjure Flame                  Conjuration/Fire             3
   d - Inner Flame                    Hexes/Fire                   3
   e - Sticky Flame                   Conjuration/Fire             4
   f - Fireball                       Conjuration/Fire             5
Comestibles
 c - 3 bread rations
 g - a meat ration


   Skills:
 + Level 0.2 Fighting
 + Level 0.4 Short Blades
 + Level 3.2 Dodging
 + Level 3.4 Stealth
 + Level 4.7 Spellcasting
 + Level 2.2 Conjurations
 * Level 5.0 Fire Magic


You had 3 spell levels left.
You knew the following spells:

 Your Spells              Type           Power        Failure   Level  Hunger
a - Flame Tongue          Conj/Fire      ###..        2%          1    None
b - Throw Flame           Conj/Fire      ###...       4%          2    #......
c - Conjure Flame         Conj/Fire      ###.....     10%         3    ##.....
d - Sticky Flame          Conj/Fire      ###.....     28%         4    ####...


Dungeon Overview and Level Annotations

Branches:
Dungeon (3/15)

Altars:


Message History

Unknown command.
Casting: Conjure Flame
Confirm with . or Enter, or press ? or * to list all spells.
Aiming: Flame Tongue
Press: ? - help, Shift-Dir - straight line, f - orc wizard
Aim: an orc wizard, wielding a dagger and wearing a robe (severely wounded)
The flame tongue hits the orc wizard.
The orc wizard appears unharmed.
The orc wizard is severely wounded.
The ogre moves out of view.
The orc wizard gestures wildly while chanting.
The orc wizard flickers and vanishes!
Deactivating autopickup; reactivate with Ctrl-A.
A puff of frost appears from out of thin air!
The puff of frost hits you!
* * * LOW HITPOINT WARNING * * *
Things that are here:
a stone; 2 chunks of flesh; a goblin skeleton A puff of frost appears from out of thin air!
The puff of frost hits you!
You die...

#.###########.## #.#
#....# #.# #.####
#.# #.# ##########.#
#.# .........#.# #.#
########[#.# #.#
#.#.# #.# #.#@# #.#
#...# #.# #...####
#.#
#####..o...#####.##
#..>..{...........#
...###.(#...#####..#
#######)O##..# #..#
.....(...##..# #..#
##.........).#
##..######


You could see an ogre and an orc.

Vanquished Creatures
  Natasha (thrice) (D:2)
  Robin (D:2)
  4 adders
  3 worms
  2 dart slugs (D:2)
  3 giant geckos
  5 orcs (D:3)
  3 ball pythons
  18 goblins
  12 hobgoblins
  A quokka (D:2)
  6 bats
  7 giant newts
  9 kobolds
  8 rats
85 creatures vanquished.

Notes
Turn   | Place    | Note
--------------------------------------------------------------
     0 | D:1      | dvd the Deep Elf Fire Elementalist began the quest for the Orb.
     0 | D:1      | Reached XP level 1. HP: 10/10 MP: 6/6
   156 | D:1      | Reached XP level 2. HP: 15/15 MP: 2/8
   246 | D:1      | Learned a level 2 spell: Throw Flame
  1132 | D:2      | Reached XP level 3. HP: 19/19 MP: 10/10
  1178 | D:2      | Learned a level 3 spell: Conjure Flame
  1355 | D:2      | Noticed Robin
  1608 | D:2      | Killed Robin
  1608 | D:2      | Reached skill level 4 in Fire Magic
  1608 | D:2      | Reached XP level 4. HP: 14/24 MP: 0/12
  2551 | D:2      | Noticed Natasha
  2555 | D:2      | Killed Natasha
  2594 | D:2      | Noticed Natasha
  2599 | D:2      | Killed Natasha
  2599 | D:2      | Reached XP level 5. HP: 23/28 MP: 5/13
  2664 | D:2      | Learned a level 4 spell: Sticky Flame
  2828 | D:2      | Noticed Natasha
  2830 | D:2      | Killed Natasha
  3528 | D:3      | Reached skill level 5 in Fire Magic
  3545 | D:3      | Noticed an ogre
  3554 | D:3      | Killed from afar by an orc wizard

Skill      XL: |  1  2  3  4  5 |
---------------+----------------+-----
Stealth        | 3 |  3.4
Spellcasting   | 4 |  4.7
Fire Magic     | 4 5 |  5.0
Dodging        | 3 |  3.2
Conjurations   | 2 |  2.2
Fighting       | |  0.2
Short Blades   | |  0.4

Action                   |  1- 3 |  4- 6 || total
-------------------------+-------+-------++-------
Melee: Short sword       |    10 |     8 ||    18
       Dagger            |       |     5 ||     5
 Cast: Flame Tongue      |    51 |    57 ||   108
       Throw Flame       |    15 |    29 ||    44
       Conjure Flame     |       |     1 ||     1
 Stab: Sleeping          |     3 |     4 ||     7
  Eat: Chunk             |     2 |     7 ||     9
Armor: Robe              |     3 |     3 ||     6
Dodge: Dodged            |    18 |    15 ||    33
